 Dungeon Crawl Stone Soup version 0.19.5 (webtiles) character file.

7 Chaoticas the Shooter (level 1, 0/16 HPs)
             Began as a Centaur Arcane Marksman on May 7, 2017.
             Slain by a bat (1 damage)
             ... on level 1 of the Dungeon.
             The game lasted 00:01:12 (201 turns).

Chaoticas the Shooter (Centaur Arcane Marksman)      Turns: 201, Time: 00:01:13

Health: 0/16       AC:  4    Str: 13    XL:     1   Next: 83%
Magic:  2/2        EV:  9    Int: 12    God:
Gold:   21         SH:  0    Dex:  8    Spells: 1 memorised, 1 level left

rFire  . . .     SeeInvis .     (no weapon)
rCold  . . .     Gourm    .     e - +0 robe
rNeg   . . .     Faith    .     (no shield)
rPois  .         Spirit   .     (no helmet)
rElec  .         Reflect  .     (no cloak)
rCorr  .         Harm     .     (no gloves)
MR     .....                    (no barding)
Stlth  +.........               (no amulet)
                                (no ring)
                                (no ring)

@: very quick
A: hooves 3, deformed body, speed 2, tough skin 3
a: no special abilities


You were on level 1 of the Dungeon.
You were not hungry.

You visited 1 branch of the dungeon, and saw 1 of its levels.

You collected 21 gold pieces.

Inventory:

Hand Weapons
 a - a +0 shortbow
Missiles
 z - 3 arrows
Armour
 e - a +0 robe (worn)
Scrolls
 b - a scroll of recharging {unknown}
Books
 A - a book of Debilitation

   Spells                             Type                      Level
   a - Corona                         Hexes                        1
   b - Slow                           Hexes                        2
   c - Gell's Gravitas                Hexes/Translocation          3
   d - Inner Flame                    Hexes/Fire                   3
   e - Cause Fear                     Hexes                        4
   f - Leda's Liquefaction            Hexes/Earth                  4
Comestibles
 c - a beef jerky
 f - a bread ration


   Skills:
 + Level 1.2 Fighting
 * Level 3.4 Bows
 + Level 1.3 Dodging
 - Level 1.0 Spellcasting
 - Level 2.6 Hexes


You had one spell level left.
You knew the following spells:

 Your Spells              Type           Power        Failure   Level  Hunger
a - Corona                Hex            #......      12%         1    ##.....


Dungeon Overview and Level Annotations

Branches:
Dungeon (1/15)

Altars:


Innate Abilities, Weirdness & Mutations

You have hooves in place of feet.
Armour fits poorly on your strangely shaped body.
You cover ground very quickly.
You have extremely tough skin. (AC +3)


Message History

The jackal is heavily wounded.
The jackal bites you but does no damage.
You closely miss the jackal. Your kick misses the jackal.
The jackal is heavily wounded.
The jackal bites you.
* * * LOW HITPOINT WARNING * * *
The jackal closely misses you.
You barely miss the jackal.
The jackal is heavily wounded.
The jackal completely misses you.
Firing (i - inventory): No suitable missiles.
Press: ? - help, Shift-Dir - straight line, f/p - jackal
Aim: a jackal (heavily wounded)
Okay, then.
You hit the jackal. Your kick misses the jackal.
The jackal is severely wounded.
The jackal barely misses you.
The jackal bites you but does no damage.
You barely miss the jackal. Your kick misses the jackal.
The jackal is severely wounded.
The jackal bites you.
* * * LOW HITPOINT WARNING * * *
You closely miss the jackal. You kick the jackal, but do no damage.
The jackal is severely wounded.
The jackal barely misses you.
You hit the jackal but do no damage. You kick the jackal, but do no damage.
The jackal is severely wounded.
The jackal misses you. The jackal closely misses you.
You hit the jackal but do no damage.
The jackal is severely wounded.
The jackal bites you.
* * * LOW HITPOINT WARNING * * *
You hit the jackal.
The jackal is almost dead.
The jackal barely misses you. The jackal closely misses you.
You hit the jackal but do no damage. You kick the jackal.
You kill the jackal!
The jackal bites you.
* * * LOW HITPOINT WARNING * * *
You closely miss the jackal. The jackal closely misses you.
You barely miss the jackal.
The jackal bites you but does no damage.
You hit the jackal but do no damage. The jackal barely misses you.
The jackal bites you but does no damage.
You hit the jackal.
The jackal is moderately wounded.
The jackal bites you but does no damage.
A bat comes into view.
The bat hits you.
You die...

#.# ###### #.# #h.h.#
#.# #(##h# #.# #.##.#
##.##
.....((h##.#####...#####
##########((.h.(.#......
###########)..#####
#.@h.....(..#......
#b#########...##### ...
##.## ....# #.# $.....
#.# ...... #.# #.... #.#
..... #.###### #.......


You could see a jackal and a bat.

Vanquished Creatures
  A goblin (D:1)
  3 jackals (D:1)
  A kobold (D:1)
5 creatures vanquished.

Notes
Turn   | Place    | Note
-------+----------+-------------------------------------------
     0 | D:1      | Chaoticas the Centaur Arcane Marksman began the quest for the Orb.
     0 | D:1      | Reached XP level 1. HP: 16/16 MP: 2/2
   128 | D:1      | Reached skill level 3 in Bows
   182 | D:1      | HP: 6/16 [jackal (3)]
   188 | D:1      | HP: 4/16 [jackal (2)]
   194 | D:1      | HP: 1/16 [jackal (2)]
   201 | D:1      | Slain by a bat

Skill      XL: |  1 |
---------------+----+-----
Bows           | 3 |  3.4
Fighting       | |  1.2
Dodging        | |  1.3
Spellcasting   | |  1.0
Hexes          | |  2.6

Action                   || total
-------------------------++-------
Melee: Unarmed           ||    15
       Kick              ||     3
 Fire: Shortbow          ||    21
Armor: Robe              ||    11
Dodge: Dodged            ||    27
